 Dungeon Crawl Stone Soup version 0.23.0-33-g5e6c059 (webtiles) character file.

Game seed: 13346192962878756827

85 Anon1729 the Firebug (level 4, 0/30 HPs)
             Began as a Barachi Fire Elementalist on Feb 26, 2019.
             Slain by a bat (1 damage)
             ... on level 2 of the Dungeon.
             The game lasted 00:08:17 (1961 turns).

Anon1729 the Firebug (Barachi Fire Elementalist)    Turns: 1961, Time: 00:08:18

Health: 0/30       AC:  2    Str:  9    XL:     4   Next: 48%
Magic:  4/8        EV: 13    Int: 17    God:
Gold:   72         SH:  0    Dex: 12    Spells: 4/8 levels left

rFire    . . .     SeeInvis .   h - +0 whip
rCold    . . .     Gourm    .   (no shield)
rNeg     . . .     Faith    .   a - +0 robe
rPois    .         Spirit   .   (no helmet)
rElec    .         Reflect  .   (no cloak)
rCorr    .         Harm     .   (no gloves)
MR       .....                  (no boots)
Stlth    ++........             (no amulet)
HPRegen  0.10/turn              (no ring)
MPRegen  0.11/turn              (no ring)

@: can't hop, slow
A: +LOS, swims, slowness 1, strong legs 1
a: Hop


You were on level 2 of the Dungeon.
You were hungry.

You visited 1 branch of the dungeon, and saw 2 of its levels.

You collected 72 gold pieces.

Inventory:

Hand Weapons
 h - a +0 whip (weapon)
Armour
 a - a +0 robe (worn)
 d - a +0 scale mail of cold resistance
Scrolls
 e - 2 scrolls of remove curse
 i - a scroll of enchant weapon {unknown}
 k - a scroll of teleportation {unknown}
 l - a scroll of identify {unknown}
Comestibles
 c - 2 rations


   Skills:
 + Level 3.1 Dodging
 - Level 2.0 Stealth
 + Level 2.9 Spellcasting
 + Level 2.3 Conjurations
 + Level 3.9 Fire Magic


You had 4 spell levels left.
You knew the following spells:

 Your Spells              Type           Power        Failure   Level  Hunger
a - Flame Tongue          Conj/Fire      ##...        4%          1    None
b - Conjure Flame         Conj/Fire      ##......     14%         3    ###....

Your spell library contained the following spells:

 Spells                   Type           Power        Failure   Level  Hunger
 Throw Flame              Conj/Fire      ##....       8%          2    ##.....
 Inner Flame              Hex/Fire       #.......     24%         3    ###....
 Sticky Flame             Conj/Fire      ##......     43%         4    ####...
 Fireball                 Conj/Fire      ##........   80%         5    ######.


Dungeon Overview and Level Annotations

Branches:
Dungeon (2/15)

Altars:
Xom
The Shining One


Innate Abilities, Weirdness & Mutations

Shadows flee at your approach. (+LOS)
You can swim through water.
You cover ground slowly.
You can hop short distances.


Message History

The frilled lizard hisses.
The hobgoblin closely misses you.
A frilled lizard comes into view.
The bat misses you.
You closely miss the bat. The bat barely misses you.
The hobgoblin closely misses you. The bat closely misses you.
The bat hits you but does no damage. The bat barely misses you.
The frilled lizard hisses angrily.
The bat misses you. The hobgoblin barely misses you. The bat misses you.
The bat closely misses you. The frilled lizard bites you.
* * * LOW HITPOINT WARNING * * *
The bat hits you but does no damage. The bat hits you.
* * * LOW HITPOINT WARNING * * *
The bat misses you. The goblin closely misses you.
You see here a scroll of remove curse.
The bat hits you.
You die...

...#####...># #....# ♣ #....# .♣
# ###### #....# P.♣ # #....#
###..# ...# .g #....#
###..####....# ##. #s
#....####....#......# #. #.
#.........#g.#...#..########.g #.
#........Klgb@...............# #.
#....####.l...............#gg# #.
#....# #............. #....## #.
#....# #..........#.. ##.#gg#
#.##....# #..........#. #....'
........# ............#.w###....#
##.#######.#..........##........#
#..# #............#####....##
##.## #..#.........# ####..###


You could see a hobgoblin, a goblin, a bat, a kobold and 2 frilled lizards.

Vanquished Creatures
  Robin (D:2)
  2 adders
  An ooze (D:2)
  A leopard gecko (D:1)
  A ball python (D:2)
  4 giant cockroaches
  11 goblins
  7 hobgoblins
  4 jackals (D:1)
  A quokka (D:2)
  3 bats
  3 frilled lizards
  4 kobolds
  4 rats
47 creatures vanquished.

Notes
Turn   | Place    | Note
-------+----------+-------------------------------------------
     0 | D:1      | Anon1729 the Barachi Fire Elementalist began the quest for
                  | the Orb.
     0 | D:1      | Reached XP level 1. HP: 13/13 MP: 3/3
   149 | D:1      | Reached XP level 2. HP: 15/19 MP: 0/5
  1114 | D:2      | Reached XP level 3. HP: 24/24 MP: 3/6
  1119 | D:2      | Learned a level 3 spell: Conjure Flame
  1507 | D:2      | Noticed Robin
  1685 | D:2      | Reached XP level 4. HP: 21/30 MP: 0/8
  1827 | D:2      | Found a glowing golden altar of the Shining One.
  1828 | D:2      | Found a shimmering altar of Xom.
  1905 | D:2      | Killed Robin
  1960 | D:2      | HP: 1/30 [bat (1)]
  1961 | D:2      | Slain by a bat

Skill      XL: |  1  2  3 |
---------------+----------+-----
Stealth        | 2 |  2.0
Conjurations   | 2 |  2.3
Dodging        | 3 |  3.1
Spellcasting   | |  2.9
Fire Magic     | |  3.9

Action                   |  1- 3 |  4- 6 || total
-------------------------+-------+-------++-------
Melee: Whip              |    42 |    46 ||    88
 Cast: Flame Tongue      |    59 |    19 ||    78
 Abil: Hop               |     2 |     2 ||     4
  Use: Potion            |     2 |     1 ||     3
       Scroll            |       |     2 ||     2
  Eat: Chunk             |     3 |     1 ||     4
Armor: Robe              |    14 |    14 ||    28
       Skin              |       |    98 ||    98
Dodge: Dodged            |    56 |    55 ||   111
